AoeStats
← a.l.a.n.t

Arabia

503448093Analyzed
4v4 RM · 1mo ago on Aug 31, 2026· 39m 6s· 8 players
Game mode
Random Map
Map size
Large (8 player)
Population
200
Speed
Normal
Resources
Standard
Victory
Conquest
Starting age
Dark Age
Ending age
Imperial Age
RankedLock teamsTeams togetherTeam positionsShared explorationLock speedFull tech treeHidden civsTurbo modeCheats
Victory
Defeat
🇬🇧 Magyars · United Kingdom
1286
+13
🇨🇱 Turks · Chile
1214
+16
🇨🇴 Britons · Colombia
1205
+17
🇨🇴 Bulgarians · Colombia
1125
+20
🇻🇳 Bengalis · Vietnam
1336
-22
🇹🇷 Byzantines · Türkiye
1279
-19
🇹🇼 Cumans · Taiwan
1143
-13
🇨🇭 Ethiopians · Switzerland
1132
-13
DDCC
6:09 Loom
8:50 Feudal Age
9:37 Double-Bit Axe
11:44 Fletching
19:08 Padded Archer Armor
23:15 Castle Age
21:36 Gold Mining
23:20 Crossbowman
24:02 Bodkin Arrow
27:45 Ballistics
29:56 Leather Archer Armor
31:17 Stone Mining
35:47 Imperial Age
35:49 Wheelbarrow
36:31 Bracer
35:55 Arbalester
37:45 Chemistry
38:59 Conscription
39:25 Ring Archer Armor
Rogfin
6:13 Loom
9:27 Feudal Age
10:14 Double-Bit Axe
13:02 Horse Collar
17:27 Wheelbarrow
21:45 Castle Age
20:43 Bloodlines
21:11 Forging
21:06 Gold Mining
21:38 Scale Barding Armor
24:01 Iron Casting
23:28 Husbandry
27:16 Chain Barding Armor
30:25 Gold Shaft Mining
29:52 Heavy Plow
31:13 Bow Saw
34:48 Imperial Age
33:35 Stirrups
33:49 Fletching
34:03 Scale Mail Armor
35:19 Hand Cart
35:40 Chain Mail Armor
35:55 Conscription
37:26 Blast Furnace
37:06 Crop Rotation
37:32 Plate Barding Armor
38:08 Plate Mail Armor
Whast | Ku The Last
7:39 Loom
10:18 Feudal Age
14:37 Double-Bit Axe
14:34 Horse Collar
19:35 Castle Age
19:16 Scale Barding Armor
21:23 Bloodlines
21:48 Husbandry
25:47 Chain Barding Armor
27:29 Fletching
31:16 Fletching
37:54 Imperial Age
35:51 Heavy Plow
37:31 Forging
38:26 Iron Casting
39:34 Wheelbarrow
a.l.a.n.t
7:15 Loom
9:21 Feudal Age
10:16 Double-Bit Axe
19:57 Bloodlines
24:05 Castle Age
22:53 Scale Barding Armor
22:33 Horse Collar
25:47 Chain Barding Armor
26:14 Husbandry
28:28 Wheelbarrow
40:17 Imperial Age
38:10 Sanctity
Irrayskel
6:42 Loom
10:06 Feudal Age
21:57 Double-Bit Axe
24:46 Castle Age
23:04 Fletching
22:56 Horse Collar
24:23 Wheelbarrow
23:49 Gold Mining
24:37 Padded Archer Armor
24:47 Crossbowman
25:23 Bodkin Arrow
25:56 Bow Saw
29:32 Hand Cart
30:25 Gold Shaft Mining
31:17 Leather Archer Armor
31:12 Thumb Ring
34:25 Ballistics
[K]iro#
6:26 Loom
9:28 Feudal Age
9:57 Double-Bit Axe
13:50 Fletching
14:20 Padded Archer Armor
19:04 Wheelbarrow
24:08 Castle Age
22:12 Stone Mining
23:14 Forging
23:28 Bloodlines
23:11 Gold Mining
25:45 Leather Archer Armor
25:25 Bodkin Arrow
26:25 Bow Saw
30:58 Husbandry
SaxPat
9:32 Feudal Age
10:43 Loom
11:07 Double-Bit Axe
14:47 Horse Collar
18:59 Fletching
21:35 Wheelbarrow
25:05 Castle Age
23:41 Gold Mining
24:49 Padded Archer Armor
25:42 Bodkin Arrow
25:26 Crossbowman
27:29 Ballistics
27:51 Bow Saw
29:30 Town Watch
35:22 Thumb Ring
40:56 Imperial Age
oppppppfpppppp
11:46 Feudal Age
12:52 Double-Bit Axe
13:13 Horse Collar
28:35 Castle Age
27:19 Bloodlines
37:18 Scale Barding Armor
Connection lost

Rejoining the realm…

Still unreachable

The connection could not be restored.

Session expired

The server has moved on; the page needs a fresh start.